 Dungeon Crawl Stone Soup version 0.30-b1-2-g02819fbbbe (webtiles) character file.

Game seed: 16560538080672302502

368 nightchill the Poker (level 6, -2/48 HPs)
             Began as a Merfolk Gladiator on Oct 5, 2023.
             Was an Initiate of Hepliaklqana.
             Slain by a gnoll
             ... wielding a +0 whip
              (3 damage)
             ... on level 4 of the Dungeon.
             The game lasted 00:05:33 (2739 turns).

nightchill the Poker (Merfolk Gladiator)            Turns: 2739, Time: 00:05:34

Health: -2/48      AC:  9    Str: 19    XL:     6   Next: 69%
Magic:  7/7        EV: 12    Int:  9    God:    Hepliaklqana [......]
Gold:   111        SH:  0    Dex: 25    Spells: 5/5 levels left

rFire   . . .        a - +0 trident
rCold   . . .        (no shield)
rNeg    . . .        B - +2 scale mail of Beauty {Str+3 Int+2 Dex+3}
rPois   .            c - +0 helmet
rElec   .            (no cloak)
rCorr   .            (no gloves)
SInv    .            (no boots)
Will    .....        (no amulet)
Stlth   +            g - +6 ring of dexterity
HPRegen 0.28/turn    f - ring of wizardry
MPRegen 0.10/turn

%: wizardry (x1)
@: no status effects
A: (nimble swimmer 2), mertail
a: Renounce Religion


You were on level 4 of the Dungeon.
You worshipped Hepliaklqana.
Hepliaklqana was noncommittal.
You visited 2 branches of the dungeon, and saw 5 of its levels.

You collected 111 gold pieces.

Inventory:

Hand Weapons
 a - a +0 trident (weapon)
 y - a +2 dagger of electrocution
Missiles
 d - 3 throwing nets (quivered)
 e - a javelin
Armour
 b - a +0 leather armour
 c - a +0 helmet (worn)
 m - a +0 troll leather armour
 B - the +2 scale mail of Beauty (worn) {Str+3 Int+2 Dex+3}
   (You found it on level 4 of the Dungeon)

   Str:       It affects your strength (+3).
   Int:       It affects your intelligence (+2).
   Dex:       It affects your dexterity (+3).
Jewellery
 f - a ring of wizardry (right hand)
 g - a +6 ring of dexterity (left hand)
 o - an amulet of magic regeneration
Wands
 u - a wand of polymorph (5)
 A - a wand of roots (9)
Scrolls
 h - a scroll of fog {unknown}
 i - a scroll of teleportation {unknown}
 j - 2 scrolls of noise {unknown}
 k - 2 scrolls of vulnerability {unknown}
 l - a scroll of identify {unknown}
 q - a scroll of amnesia {unknown}
 r - a scroll of enchant armour {unknown}
 t - a scroll of magic mapping {unknown}
 v - 2 scrolls of blinking {unknown}
Potions
 n - a potion of invisibility {unknown}
 p - 2 potions of ambrosia {unknown}
 s - 4 potions of curing {unknown}
 w - 3 potions of heal wounds {unknown}
 x - a potion of attraction {unknown}
 z - 2 potions of degeneration {unknown}


   Skills:
 + Level 4.2 Fighting
 * Level 7.3 Polearms
 - Level 3.3 Throwing
 - Level 4.0 Dodging
 + Level 1.5 Invocations


You had 5 spell levels left.
You didn't know any spells.
Your spell library contained the following spells:

 Spells                   Type           Power      Damage    Failure   Level
 Apportation              Tloc           0%         N/A       45%         1
 Necrotise                Necr           0%         1d4       45%         1
 Summon Small Mammal      Summ           0%         N/A       45%         1
 Sublimation of Blood     Necr           0%         N/A       58%         2
 Petrify                  Tmut/Erth      0%         N/A       99%         4
 Irradiate                Conj/Tmut      0%         3d11      100%        5


Dungeon Overview and Level Annotations

Branches:
Dungeon (4/15)             Temple (1/1) D:4

Altars:
Cheibriados
Dithmenos
Elyvilon
Fedhas
Gozag
Hepliaklqana
Kikubaaqudgha
Makhleb
Nemelex Xobeh
Okawaru
Qazlal
Ru
Trog
Uskayaw
Wu Jian
Xom
Yredelemnul
Zin
The Shining One


Innate Abilities, Weirdness & Mutations

((You are very nimble when in or above water. (Stealth+, EV+, Speed+++)))
Your lower body shifts to a powerful aquatic tail in water.


Message History

You kill the gnoll!
The gnoll barely misses you. The gnoll closely misses you.
You hit the gnoll but do no damage. The gnoll closely misses you.
The gnoll hits you with a +0 whip.
* * * LOW HITPOINT WARNING * * *
Okay, then.
Reach: a) +0 trident
Press: ? - help, Dir - move target, f - gnoll
Aim: a gnoll, wielding a +0 spear (about 29% to evade your +0 trident)
You reach to attack!
You puncture the gnoll!
The gnoll is severely wounded.
The gnoll closely misses you. The gnoll hits you with a +0 whip.
* * * LOW HITPOINT WARNING * * *
Reach: a) +0 trident
Press: ? - help, Dir - move target, f/p - gnoll
Aim: a gnoll, wielding a +0 spear (severely wounded, about 29% to evade your +0 trident)
The gnoll is in the way.
You hit the gnoll but do no damage. The gnoll barely misses you. x2
Reach: a) +0 trident
Press: ? - help, Dir - move target, f/p - gnoll
Aim: a gnoll, wielding a +0 spear (severely wounded, about 29% to evade your +0 trident)
You reach to attack!
You hit the gnoll but do no damage.
The gnoll is severely wounded.
The gnoll hits you from afar with a +0 spear.
* * * LOW HITPOINT WARNING * * *
The gnoll hits you with a +0 whip.
* * * LOW HITPOINT WARNING * * *
Reach: a) +0 trident
Press: ? - help, Dir - move target, f/p - gnoll
Aim: a gnoll, wielding a +0 spear (severely wounded, about 29% to evade your +0 trident)
You reach to attack!
You hit the gnoll.
You kill the gnoll!
The gnoll barely misses you.
Reach: a) +0 trident
Press: ? - help, Dir - move target, f - gnoll
Aim: a gnoll, wielding a +0 whip (about 29% to evade your +0 trident)
You puncture the gnoll!
The gnoll is heavily wounded.
The gnoll hits you with a +0 whip.
You die...

....)........#.#.# #'#
.............#.#.# #.#
.............#.#†# #.# #
†...#####..###.#.####.#######.##
....'...........................
....######.###.####.........#
....# ##'###.####...>.....#
....# #..................$)+
....# #........@)).......?.#
....####.........g).........#
............................#
..............................
............................$..
...#...........####............
...#............ ..........?.
...#####......## ..........
...#####......#


You could see a gnoll.

Vanquished Creatures
  An ogre (Temple)
  A howler monkey (D:3)
  A sleepcap (D:3)
  Jessica (D:3)
  3 gnolls (D:4)
  8 adders
  2 worms (D:2)
  A dart slug (D:4)
  8 orcs
  4 ball pythons
  4 endoplasms
  A giant cockroach (D:2)
  8 hobgoblins
  7 jackals
  7 quokkas
  3 bats
  5 frilled lizards
  5 goblins
  6 kobolds
  5 rats
81 creatures vanquished.

Notes
Turn   | Place    | Note
-------+----------+-------------------------------------------
     0 | D:1      | nightchill the Merfolk Gladiator began the quest for the
                  | Orb.
     0 | D:1      | Reached XP level 1. HP: 16/16 MP: 1/1
   146 | D:1      | You fall into a shaft and drop 1 floor!
   209 | D:2      | Reached XP level 2. HP: 23/23 MP: 2/2
   778 | D:1      | Reached XP level 3. HP: 28/28 MP: 3/3
  1043 | D:2      | Reached skill level 5 in Polearms
  1573 | D:3      | Noticed Jessica
  1605 | D:3      | Reached XP level 4. HP: 29/34 MP: 4/4
  1649 | D:3      | Killed Jessica
  1820 | D:3      | Reached skill level 6 in Polearms
  1820 | D:3      | Reached XP level 5. HP: 27/41 MP: 5/5
  2162 | D:4      | Found a staircase to the Ecumenical Temple.
  2189 | D:4      | Noticed an ogre
  2202 | Temple   | Entered the Ecumenical Temple
  2226 | Temple   | Became a worshipper of Hepliaklqana the Forgotten
  2523 | Temple   | Killed an ogre
  2524 | Temple   | Reached skill level 7 in Polearms
  2524 | Temple   | Reached skill level 1 in Invocations
  2524 | Temple   | Reached XP level 6. HP: 48/48 MP: 6/6
  2638 | D:4      | Identified the +2 scale mail of Beauty {Str+3 Int+2 Dex+3}
  2662 | D:4      | Identified the +1 scale mail "Kojiefum" {rElec rCorr Str-3
                  | Int-2}
  2737 | D:4      | HP: 2/48 [gnoll/+0 spear (2)]
  2739 | D:4      | Slain by a gnoll

Illustrated notes

Levels and vault maps discovered:
D:1:      psy_arrival_radial02, layout_basic, minmay_tetromino_s4
D:2:      layout_loops_ring
D:3:      layout_basic, uniq_jessica
D:4:      layout_basic, chequers_temple_overflow_minitemple,
          minmay_temple_entry_statues_pillars, serial_shops,
          nicolae_shop_getting_attention, uniq_crazy_yiuf_cottage
Temple:   nicolae_temple_bog_church

Skill      XL: |  1  2  3  4  5 |
---------------+----------------+-----
Polearms       | 5 6 7 |  7.3
Fighting       | 3 4 |  4.2
Throwing       | 3 |  3.3
Invocations    | 1 |  1.5
Dodging        | |  4.0

Action                     |  1- 3 |  4- 6 || total
---------------------------+-------+-------++-------
  Melee: Trident           |    96 |   164 ||   260
         Unarmed           |     2 |     4 ||     6
         Punch             |       |     2 ||     2
   Stab: Sleeping          |     3 |     3 ||     6
 Armour: Leather armour    |     7 |       ||     7
         Troll leather arm |     6 |    29 ||    35
         Scale mail        |       |     3 ||     3
  Dodge: Dodged            |    52 |   119 ||   171
